 Dungeon Crawl Stone Soup version 0.28.0-53-g5a82cb258f (webtiles) character file.

Game seed: 18168020377955768239

1399 PentaManta the Grappler (level 8, -22/61 HPs)
             Began as a Ghoul Gladiator on June 16, 2022.
             Annihilated by a two-headed ogre
             ... wielding a +0 giant club
              (23 damage)
             ... on level 4 of the Dungeon.
             The game lasted 00:07:37 (4719 turns).

PentaManta the Grappler (Ghoul Gladiator)           Turns: 4719, Time: 00:07:38

Health: -22/61     AC:  7    Str: 20    XL:     8   Next: 69%
Magic:  0/7        EV: 15    Int:  3    God:
Gold:   224        SH:  0    Dex: 10    Spells: 7/7 levels left

rFire   . . .      SeeInvis .     - Unarmed
rCold   + + .      Faith    .   (no shield)
rNeg    + + +      Spirit   +   j - +0 ring mail
rPois   ∞          Reflect  .   b - +0 helmet
rElec   .          Harm     .   (no cloak)
rCorr   .          Rampage  .   (no gloves)
Will    .....                   l - +0 pair of boots
Stlth   ..........              r - amulet of guardian spirit
HPRegen 0.00/turn               k - +4 ring of evasion
MPRegen 0.10/turn               A - ring of protection from cold

@: inhibited regen
A: claws 1, cold resistance 1, negative energy resistance 3, inhibited
regeneration, torment resistance 2
a: no special abilities


You were on level 4 of the Dungeon.
You visited 1 branch of the dungeon, and saw 7 of its levels.

You collected 224 gold pieces.

Inventory:

Missiles
 c - 2 throwing nets (quivered)
 g - 2 boomerangs
 z - 17 poisoned darts
 B - a curare-tipped dart
Armour
 a - a +0 leather armour
 b - a +0 helmet (worn)
 i - a +0 chain mail
 j - a +0 ring mail (worn)
 l - a +0 pair of boots (worn)
 C - a +0 pair of gloves
Jewellery
 k - a +4 ring of evasion (left claw)
 r - an amulet of guardian spirit (around neck)
 t - an amulet of faith
 A - a ring of protection from cold (right claw)
Wands
 F - a wand of mindburst (12)
Scrolls
 m - a scroll of torment {unknown}
 n - 2 scrolls of fog {unknown}
 o - a scroll of noise {unknown}
 w - 3 scrolls of vulnerability {unknown}
 y - a scroll of identify {unknown}
 D - a scroll of fear {unknown}
Potions
 d - a potion of ambrosia {unknown}
 e - 3 potions of heal wounds {unknown}
 f - a potion of flight {unknown}
 h - a potion of attraction {unknown}
 p - a potion of haste {unknown}
 q - a potion of mutation {unknown}
 s - a potion of curing
 u - a potion of might {unknown}
 v - a potion of magic {unknown}
 x - a potion of brilliance {unknown}
 E - 2 potions of degeneration {unknown}


   Skills:
 - Level 2.1 Fighting
 - Level 1.7 Throwing
 - Level 2.6 Dodging
 + Level 11.8 Unarmed Combat


You had 7 spell levels left.
You didn't know any spells.
Your spell library contained the following spells:

 Spells                   Type           Power      Damage    Failure   Level
 Ignite Poison            Fire/Tmut/Pois 0%         N/A       97%         3
 Mephitic Cloud           Conj/Pois/Air  0%         N/A       97%         3
 Ozocubu's Armour         Ice            0%         N/A       97%         3
 Freezing Cloud           Conj/Ice/Air   0%         6-21      100%        5
 Ozocubu's Refrigeration  Ice            0%         4d5       100%        7


Dungeon Overview and Level Annotations

Branches:
Dungeon (7/15)
 Temple: D:4-7

Altars:
Okawaru
Uskayaw
Zin

Annotations:
D:4 1 runed translucent door, Descartes's ghost, amateur TrWr


Innate Abilities, Weirdness & Mutations

You thrive by killing the living.
You are immune to poison.
You have sharp fingernails.
Your flesh is cold resistant. (rC+)
You are immune to negative energy. (rN+++)
You do not regenerate when monsters are visible.
You are immune to unholy pain and torment.


Message History

The adder bites you but does no damage.
You miss the adder.
The adder is severely wounded.
The adder barely misses you.
You barely miss the adder.
The adder is severely wounded.
The adder misses you.
You scratch the adder.
You kill the adder!
The two-headed ogre hits you with a +0 giant club!
The two-headed ogre barely misses you.
You climb upwards.
Level annotation: 1 runed translucent door, Descartes's ghost, amateur TrWr
There is a stone staircase leading down here.
You scratch the two-headed ogre but do no damage.
The two-headed ogre hits you with a +0 giant club!
The two-headed ogre hits you with a +0 giant spiked club!
Throw: 3 throwing nets
Press: ? - help, Q - select action, (/) - cycle Shift-Dir - straight line, f - two-headed ogre
Aim: a two-headed ogre, wielding a +0 giant club and a +0 giant spiked club (72% to hit)
You throw a throwing net.
The throwing net hits the two-headed ogre.
The two-headed ogre is caught in the net!
The two-headed ogre struggles against the net. x2
The two-headed ogre struggles against the net.
You scratch the two-headed ogre.
The two-headed ogre is lightly wounded.
You scratch the two-headed ogre but do no damage.
The two-headed ogre is lightly wounded.
The two-headed ogre struggles against the net.
You claw the two-headed ogre!
The two-headed ogre is moderately wounded.
The two-headed ogre struggles against the net.
The net rips apart, and the two-headed ogre comes free!
You claw the two-headed ogre!
The two-headed ogre is heavily wounded.
The two-headed ogre hits you with a +0 giant club!!
* * * LOW HITPOINT WARNING * * *
The two-headed ogre hits you with a +0 giant spiked club!!
You die...

.................#.........##..?.
..........###...............##...
..>.......# ####.....#.......##⌠#
..........# ####....####...###
......)...# ###...#....##.....
..........# ###....#####...#....
.........#####.....## ###......
.........##........# ###....
.......#.....###@..# #..†.
..........#####>O.######### ##...
.^......### #...........## #.(.
.....#### ##............# #...
..#### #.............# ##.. .##
#.............# #.. .##
#............## #.. ..##
##............# #.. #..#
#.............# ##..


You could see a two-headed ogre.

Vanquished Creatures
  Pikel (D:4)
  2 necrophages (D:5)
  4 lemures (D:5)
  A phantom (D:5)
  4 kobold brigands (D:3)
  A wyvern skeleton (D:5)
  A centaur skeleton (D:5)
  A jelly (D:4)
  An orc priest (D:5)
  12 gnolls (D:3)
  6 adders
  An adder skeleton (D:2)
  A worm (D:3)
  2 dart slugs
  6 orcs
  9 ball pythons
  5 bats
  7 endoplasms
  2 giant cockroaches
  8 goblins
  10 hobgoblins
  5 jackals
  7 quokkas
  40 kobolds
  9 rats
146 creatures vanquished.

Notes
Turn   | Place    | Note
-------+----------+-------------------------------------------
     0 | D:1      | PentaManta the Ghoul Gladiator began the quest for the Orb.
     0 | D:1      | Reached XP level 1. HP: 17/17 MP: 0/0
   287 | D:1      | Reached XP level 2. HP: 22/24 MP: 1/1
   350 | D:1      | Reached skill level 4 in Unarmed Combat
   763 | D:1      | Reached XP level 3. HP: 29/29 MP: 2/2
  1126 | D:2      | Reached skill level 5 in Unarmed Combat
  1203 | D:2      | Reached XP level 4. HP: 29/36 MP: 3/3
  1774 | D:3      | Found a faded altar of an unknown god.
  1999 | D:3      | Reached skill level 6 in Unarmed Combat
  1999 | D:3      | Reached XP level 5. HP: 37/41 MP: 2/4
  2118 | D:3      | Noticed a kobold brigand
  2127 | D:3      | Killed a kobold brigand
  2150 | D:3      | Noticed a kobold brigand
  2364 | D:3      | Reached skill level 7 in Unarmed Combat
  2389 | D:3      | Killed a kobold brigand
  2390 | D:3      | Reached XP level 6. HP: 35/48 MP: 3/5
  2768 | D:3      | Reached skill level 8 in Unarmed Combat
  3001 | D:3      | Reached XP level 7. HP: 55/55 MP: 6/6
  3602 | D:4      | Found a hide-covered altar of Uskayaw.
  3616 | D:4      | Noticed Pikel
  3629 | D:5      | Entered Level 5 of the Dungeon
  3655 | D:5      | Reached skill level 9 in Unarmed Combat
  3825 | D:4      | Killed Pikel
  3826 | D:4      | Reached skill level 11 in Unarmed Combat
  3826 | D:4      | Reached XP level 8. HP: 61/61 MP: 7/7
  3831 | D:4      | Found a runed translucent door.
  3915 | D:4      | You fall into a shaft and drop 3 floors!
  4321 | D:4      | Noticed Descartes's ghost (amateur TrWr)
  4665 | D:5      | Found an iron altar of Okawaru.
  4692 | D:5      | Noticed a two-headed ogre
  4719 | D:4      | HP: 1/61 [two-headed ogre/+0 giant club (26)]
  4719 | D:4      | Annihilated by a two-headed ogre

Illustrated notes

Levels and vault maps discovered:
D:1:      amcnicky_arrival_single_pillar, layout_loops_corners
D:2:      layout_basic
D:3:      minmay_goblin_kobold_castle, layout_basic, basic_ecumenical_altar
D:4:      layout_cave_pods, old_standard_altar, hellmonk_ghost_happy_afterlife,
          skrybe_limestone_x, uniq_pikel
D:5:      layout_rooms, mainiacjoe_overflow_big_doors
D:6:      layout_gridville, temple_hall, nicolae_shop_firing_range,
          uniq_duvessa, uniq_menkaure, uniq_edmund
D:7:      layout_loops_ring, grunt_temple_overflow_cloverleaf

Skill      XL: |  1  2  3  4  5  6  7 |
---------------+----------------------+-----
Unarmed Combat | 4 5 6 7 8 11 | 11.8
Fighting       | |  2.1
Throwing       | |  1.7
Dodging        | |  2.6

Action                   |  1- 3 |  4- 6 |  7- 9 || total
-------------------------+-------+-------+-------++-------
Melee: Unarmed           |    92 |   197 |   178 ||   467
       Punch             |     2 |     7 |     9 ||    18
Throw: Throwing net      |       |       |     1 ||     1
Armor: Leather armour    |     9 |       |       ||     9
       Ring mail         |    35 |    61 |    46 ||   142
Dodge: Dodged            |    84 |   137 |   137 ||   358
